 Dungeon Crawl Stone Soup version 0.25-a0-277-g7046ed1b37 (webtiles) character file.

Game seed: 14269799811624903078, levelgen mode: deterministic

123 Opti87 the Chopper (level 4, -3/39 HPs)
             Began as a Minotaur Berserker on Dec 9, 2019.
             Was a Believer of Trog.
             Slain by a gnoll (6 damage)
             ... on level 3 of the Dungeon.
             The game lasted 00:10:01 (2994 turns).

Opti87 the Chopper (Minotaur Berserker)             Turns: 2994, Time: 00:10:01

Health: -3/39      AC:  5    Str: 22    XL:     4   Next: 80%
Magic:  3/3        EV: 13    Int:  4    God:    Trog [**....]
Gold:   137        SH:  0    Dex:  6    Spells: 3/3 levels left

rFire    . . .     SeeInvis .   a - +1 hand axe
rCold    . . .     Gourm    .   (no shield)
rNeg     . . .     Faith    .   n - +0 ring mail
rPois    .         Spirit   .   (helmet restricted)
rElec    .         Reflect  .   (no cloak)
rCorr    .         Harm     .   (no gloves)
MR       .....                  (no boots)
Stlth    ..........             (no amulet)
HPRegen  0.13/turn              f - +2 ring of evasion
MPRegen  0.08/turn              g - -4 ring of dexterity

@: no status effects
A: retaliatory headbutt, horns 2
a: Berserk, Trog's Hand, Renounce Religion


You were on level 3 of the Dungeon.
You worshipped Trog.
Trog was pleased with you.
You were very hungry.

You visited 1 branch of the dungeon, and saw 4 of its levels.

You collected 137 gold pieces.

Inventory:

Hand Weapons
 a - a +1 hand axe (weapon)
 p - a +0 hand axe
Armour
 b - a +0 animal skin
 h - a +0 helmet
 j - a +0 shield
 k - a +0 robe
 n - a +0 ring mail (worn)
Jewellery
 f - a +2 ring of evasion (left hand)
 g - a -4 ring of dexterity (right hand)
 o - an uncursed amulet of faith {unknown}
 r - an uncursed ring of protection from fire {unknown}
Wands
 u - a wand of paralysis (10)
Scrolls
 d - 2 scrolls of magic mapping
 v - a scroll of identify
 w - a scroll of teleportation
Potions
 e - 2 potions of cancellation {unknown}
 i - 2 potions of mutation {unknown}
 l - a potion of ambrosia {unknown}
 q - 2 potions of haste {unknown}
Comestibles
 c - 6 rations


   Skills:
 - Level 3.6 Fighting
 + Level 6.7 Axes
 - Level 2.4 Armour
 - Level 2.1 Dodging


You had 3 spell levels left.
You didn't know any spells.
Your spell library was empty.

Dungeon Overview and Level Annotations

Branches:
Dungeon (4/15)
 Temple: D:4-7

Altars:
Dithmenos

Annotations:
D:3 2 transporters


Innate Abilities, Weirdness & Mutations

You reflexively headbutt those who attack you in melee.
You have a pair of horns on your head.


Message History

The orc priest misses you.
You closely miss the orc priest.
Your ring mail prevents you from hitting the gnoll.
The gnoll hits you. The orc priest closely misses you.
You hit the orc priest but do no damage.
You barely miss the gnoll. The gnoll completely misses you.
The orc priest invokes the aid of Beogh against you.
Pain shoots through your body!
* * * LOW HITPOINT WARNING * * *
As you read the scroll labeled ORI VOANTIEMPO, it crumbles to dust.
You feel as if something is helping you.
It was a scroll of remove curse.
The gnoll hits you.
* * * LOW HITPOINT WARNING * * *
The orc priest looks encouraged for a moment.
Aiming: Paralyse
Press: ? - help, Shift-Dir - straight line, f - orc priest
Aim: an orc priest, wearing a +0 leather armour (chance to defeat MR: 46%)
The orc priest resists with some effort.
The gnoll hits you.
You die...

####...............##............
.....####.###.###..###...###.....
.....##...###.###.........##.....
........####..........#....##....
#####............######..........
#.....##......####### ##.........
#....###.#..........####....####.
...............g.....##...######.
................@.......>........
....##...#.......o..####..##.....
....#...(#................####.#.
#.....#.#####.####....#........##
#÷...#..##....# ####............
..............######.............
.................##............).
.#..##.####......................
....##.# ###†##.................


You could see an orc priest and a gnoll.

Vanquished Creatures
  6 adders
  A worm (D:2)
  A dart slug (D:1)
  5 leopard geckos
  A ball python (D:2)
  3 bats
  3 giant cockroaches
  5 goblins
  7 hobgoblins
  5 jackals
  6 kobolds
  A quokka (D:3)
  6 frilled lizards
  12 rats
62 creatures vanquished.

Notes
Turn   | Place    | Note
-------+----------+-------------------------------------------
     0 | D:1      | Opti87 the Minotaur Berserker began the quest for the Orb.
     0 | D:1      | Reached XP level 1. HP: 19/19 MP: 0/0
   104 | D:1      | Reached skill level 4 in Axes
   272 | D:1      | Reached XP level 2. HP: 26/26 MP: 1/1
   875 | D:2      | Reached skill level 5 in Axes
   976 | D:2      | Found a shadowy altar of Dithmenos.
  1019 | D:2      | Reached XP level 3. HP: 31/31 MP: 2/2
  1086 | D:2      | Reached ** piety under Trog
  1952 | D:3      | Reached skill level 6 in Axes
  1952 | D:3      | Reached XP level 4. HP: 36/39 MP: 3/3
  2438 | D:3      | Found a transporter.
  2445 | D:3      | Found a transporter.
  2707 | D:3      | Noticed a kobold demonologist
  2994 | D:3      | Slain by a gnoll

Levels and vault maps discovered:
D:1:      lightli_arrival_quake, layout_rooms, minmay_misc_feat_ornament,
          minmay_misc_feat_diagonals, hangedman_decor_push
D:2:      layout_loops_cross, overflow_temple_1_default, minmay_small_reverse_x
D:3:      gammafunk_wand_slinger, layout_rooms
D:4:      layout_cave_pods, first_ration, amethyst_killhole,
          minmay_misc_feat_tower

Skill      XL: |  1  2  3 |
---------------+----------+-----
Axes           | 4 5 6 |  6.7
Fighting       | |  3.6
Armour         | |  2.4
Dodging        | |  2.1

Action                   |  1- 3 |  4- 6 || total
-------------------------+-------+-------++-------
Melee: Hand axe          |    97 |    45 ||   142
       Headbutt          |     9 |     4 ||    13
Evoke: Wand              |       |     1 ||     1
  Use: Scroll            |     4 |     3 ||     7
  Eat: Chunk             |     3 |     2 ||     5
Armor: Animal skin       |     7 |       ||     7
       Ring mail         |     4 |     9 ||    13
Dodge: Dodged            |    63 |    39 ||   102

Table legend:
 A = Non-vault XP
 B = Vault XP
 C = Vault XP percentage of total XP
 D = Non-vault monster count
 E = Vault monster count
 F = Vault count percentage of total count
                 A         B        C        D         E       F
            +---------+---------+-------+---------+---------+-------
      Total |     170 |       7 |   4.0 |      58 |       4 |   6.5
            +---------+---------+-------+---------+---------+-------
        D:1 |      33 |       0 |   0.0 |      21 |       0 |   0.0
        D:2 |      47 |       7 |  13.0 |      19 |       4 |  17.4
        D:3 |      90 |       0 |   0.0 |      18 |       0 |   0.0
            +---------+---------+-------+---------+---------+-------
